 Dungeon Crawl Stone Soup version 0.20-a0-270-g8e735b6 (webtiles) character file.

97042 HarryHood the Bludgeoner (level 16, -11/107 HPs)
             Began as a Gargoyle Berserker on Dec 9, 2016.
             Was the Champion of Trog.
             Hit by a javelin thrown by a merfolk javelineer (14 damage)
             ... on level 4 of the Shoals on Dec 10, 2016.
             The game lasted 01:52:03 (20508 turns).

HarryHood the Bludgeoner (Gargoyle Berserker)      Turns: 20508, Time: 01:52:04

Health: -11/107    AC: 47    Str: 24    XL:     16   Next: 18%
Magic:  16/16      EV: 12    Int: 13    God:    Trog [******]
Gold:   2139       SH: 15    Dex: 12    Spells: 15/15 levels left

rFire  . . .     SeeInvis .     R - +10 morningstar "Eos" {elec, Halo rElec}
rCold  . . .     Gourm    .     h - +5 chain mail "Jeotz" {-Cast MR+++ Int+4 Stlth+}
rNeg   + + .     Faith    .     L - +2 shield
rPois  ∞         Spirit   .     s - +2 hat
rElec  +         Reflect  .     D - +2 cloak {MR+}
rCorr  .         Harm     .     E - +1 pair of gloves
MR     +++++     Clarity  +     i - +1 pair of boots {Stlth+}
Stlth  .......... NoCast   +    M - amulet of the Four Winds {rN+ MR+++ Clar}
                                W - ring of Robustness {AC+8}
                                t - +4 ring of slaying

@: exhausted, flying, slowed, glowing, very slow
A: big wings, negative energy resistance 1, electricity resistance, unbreathing,
petrification resistance, rot immunity, AC +11
a: Stop Flying, Berserk, Trog's Hand, Brothers in Arms, Burn Spellbooks,
Renounce Religion


You were on level 4 of the Shoals.
You worshipped Trog.
Trog was exalted by your worship.
You were very hungry.

You visited 5 branches of the dungeon, and saw 25 of its levels.
You also visited: Ossuary and Bailey.

You collected 2403 gold pieces.
You spent 264 gold pieces at shops.

Inventory:

Hand Weapons
 k - a +4 whip of electrocution
 I - a +7 demon whip of protection
 R - the +10 morningstar "Eos" (weapon) {elec, Halo rElec}
   (You took it off a fire giant on level 11 of the Dungeon)

   Occasionally, upon striking a foe, it will discharge some electrical energy
   and cause terrible harm.
   It insulates you from electricity.
Armour
 h - the +5 chain mail "Jeotz" (worn) {-Cast MR+++ Int+4 Stlth+}
   (You found it on level 9 of the Dungeon)

   It affects your intelligence (+4).
   It affects your resistance to hostile enchantments.
   It prevents spellcasting.
   It makes you more stealthy.
 i - a +1 pair of boots of stealth (worn)
 s - a +2 hat (worn)
 D - a +2 cloak of magic resistance (worn)
 E - a +1 pair of gloves (worn)
 L - a +2 shield (worn)
 N - the -1 cloak of the Ecumenical Temple {rC+ Str+7 Slay+2}
   (You acquired it on level 4 of the Shoals)

   It affects your strength (+7).
   It affects your accuracy and damage with ranged weapons and melee attacks
   (+2).
   It protects you from cold.
Jewellery
 t - a +4 ring of slaying (left hand)
 y - an uncursed amulet of guardian spirit
 B - an uncursed ring of protection from fire
 H - a cursed ring of teleportation {unknown}
 M - the amulet of the Four Winds (around neck) {rN+ MR+++ Clar}
   (You found it on level 4 of the Lair of Beasts)

   [amulet of nothing]

   It protects you from negative energy.
   It affects your resistance to hostile enchantments.
   It protects you against confusion.
 O - an uncursed ring of protection from cold
 S - the ring of Fueczeh {rC- EV+1 Int+7 Dex+4}
   (You acquired it on level 5 of the Lair of Beasts)

   [ring of evasion]

   It affects your evasion (+1).
   It affects your intelligence (+7).
   It affects your dexterity (+4).
   It makes you vulnerable to cold.
 W - the ring of Robustness (right hand) {AC+8}
   (You found it on level 5 of the Lair of Beasts)

   [ring of protection]

   It affects your AC (+8).
Scrolls
 e - 9 scrolls of teleportation
 j - 4 scrolls of blinking
 m - 7 scrolls of recharging
 q - 6 scrolls of magic mapping
 A - 3 scrolls of fear
 G - 9 scrolls of remove curse
 K - a scroll of identify
 P - 7 scrolls of enchant weapon
Potions
 d - a potion of cancellation
 l - 9 potions of curing
 n - 10 potions of lignification
 o - a potion of invisibility
 p - 2 potions of might
 r - 2 potions of beneficial mutation
 u - 6 potions of agility
 w - a potion of resistance
 x - 5 potions of brilliance
 C - 2 potions of magic
 F - a potion of cure mutation
 J - a potion of heal wounds
 Q - 5 potions of haste
Miscellaneous
 z - 2 boxes of beasts
Comestibles
 a - 5 slices of pizza
 b - 14 meat rations
 c - 9 bread rations
 f - 6 royal jellies
 g - 4 beef jerkies
 v - 30 fruits
 T - 14 chunks of flesh


   Skills:
 + Level 14.9 Fighting
 - Level 16.1 Maces & Flails
 - Level 12.7 Armour
 - Level 8.3 Dodging
 * Level 12.6 Shields


You had 15 spell levels left.
You didn't know any spells.

Dungeon Overview and Level Annotations

Branches:
Dungeon (13/15)            Temple (1/1) D:6            Lair (5/6) D:11
 Shoals (4/4) Lair:2       Spider (0/4) Lair:2          Orc (2/2) D:10
    Elf (0/3) Orc:2
  Slime: Lair:5-6    Vaults: D:13-14

Altars:
Ashenzari
Cheibriados
Dithmenos
Elyvilon
Fedhas
Gozag
Hepliaklqana
Kikubaaqudgha
Makhleb
Nemelex Xobeh
Okawaru
Qazlal
Ru
Sif Muna
Trog
Uskayaw
Vehumet
Xom
Yredelemnul
Zin
The Shining One
Beogh

Shops:
Orc:2 (:[(   Shoals:3 [(([

Annotations:
Lair:2 exclusion: 2 oklob plants
Lair:5 exclusion: 4 oklob plants
Shoals:4 Ilsuiw, Nikola


Innate Abilities, Weirdness & Mutations

You are resistant to torment.
Your stone body is resilient. (AC +11)
You are immune to poison.
Your large and strong wings let you fly indefinitely.
You resist negative energy. (rN+)
You are resistant to electric shocks. (rElec)
You can survive without breathing.
You are immune to petrification.
You are immune to rotting.


Message History

The merfolk aquamancer points at you and mumbles some strange words.
The shard of ice hits you!
* * * LOW HITPOINT WARNING * * *
You are too berserk!
You are no longer berserk.
You are exhausted.
You feel yourself slow down.
The merfolk siren chants a haunting song.
You are unaffected.
The merfolk impaler misses you.
The volley of spikes hits your deep troll.
The merfolk javelineer throws a javelin.
The javelin barely misses you.
The javelin hits the water elemental!
You hear a splash.
The merfolk siren chants a haunting song.
You are unaffected.
You puncture the merfolk javelineer!
The merfolk javelineer is lightly wounded.
The merfolk javelineer throws a javelin.
The javelin hits you!
You die...

..≈≈≈≈≈≈≈≈≈# ...≈≈≈.≈≈≈≈# ...
...≈≈≈≈m≈≈≈## #...
...≈≈≈≈≈≈≈t≈#####≈≈≈.
...≈≈≈≈(m)≈≈≈≈≈≈≈≈≈≈
..≈≈≈≈≈≈mm≈k≈≈≈≈≈≈# ≈..
..≈≈≈≈≈≈≈mmm≈≈≈≈≈## ≈..
..≈H≈≈≈T≈≈(≈≈≈m≈≈# ....
≈.@..≈≈≈...(E@m≈≈# ......
≈...........≈.m..# ......
≈................## ##.)....
..................##+##≈..≈###
.....................≈≈≈≈##..
......................≈≈#...
......................≈#..)
...............P......#...
......................##..


You could see Ilsuiw, a merfolk impaler, 2 merfolk javelineers, a merfolk
aquamancer, a snapping turtle, a wind drake, 2 merfolk, a water elemental, 2
merfolk sirens, a water nymph and a friendly deep troll (berserk).

Vanquished Creatures
  Rupert (Lair:4)
  Kirke (Lair:4)
  A fire giant (D:11)
  Louise (Shoals:4)
  A stone giant (D:11)
  An ettin (D:11)
  Josephine (D:10)
  A fire dragon (D:11)
  Erolcha (D:10)
  4 merfolk impalers
  Harold (Lair:4)
  11 hydras
  3 catoblepae
  3 merfolk avatars
  A merfolk aquamancer (Shoals:2)
  2 centaur warriors (D:13)
  A tengu warrior (D:13)
  A death yak (Lair:4)
  4 sea snakes
  An unseen horror (D:10)
  3 hill giants
  2 orc sorcerers (Orc:2)
  3 ugly things
  A deep elf mage (D:13)
  16 harpies
  5 fauns (Shoals:2)
  2 wolf spiders (Lair:2)
  4 cyclopes
  6 manticores
  Joseph (D:8)
  8 merfolk sirens
  3 elephants (Lair:4)
  Maurice (D:8)
  A black mamba (Lair:2)
  2 torpor snails
  5 water nymphs
  Psyche (D:10)
  3 gargoyles
  A rime drake (Lair:3)
  2 kobold demonologists (D:12)
  An efreet (D:13)
  4 spiny frogs
  10 komodo dragons
  2 freezing wraiths
  A tengu conjurer (D:11)
  2 trolls
  A jumping spider (Lair:2)
  A hornet (D:13)
  A queen bee (Lair:4)
  14 merfolk
  3 meliai (Lair:4)
  Grinder (D:3)
  4 snapping turtles
  4 dream sheep (Shoals:3)
  5 blink frogs (Lair:4)
  11 hippogriffs
  4 wind drakes
  2 vampires
  5 spriggans (Lair:4)
  4 wraiths
  3 wyverns
  A hog (Lair:4)
  30 yaks
  A water elemental (Shoals:1)
  3 basilisks
  A hungry ghost (D:13)
  A steam dragon (D:12)
  Grum (D:11)
  6 vampire mosquitoes (D:13)
  2 wargs (Orc:2)
  An acid dragon (D:11)
  9 porcupines
  10 water moccasins
  22 orc warriors
  A swamp drake (D:11)
  A hornet zombie (D:11)
  Purgy (D:4)
  2 black bears
  5 ice beasts
  4 phantoms
  An eye of draining (D:10)
  7 ogres
  8 wolves
  6 centaurs
  8 crocodiles
  7 big kobolds
  The ghost of Potronius the Conjurer, an amateur DECj (D:4)
  15 bullfrogs
  3 elf zombies (Ossuary)
  A gnoll sergeant (D:7)
  A wyvern zombie (D:12)
  7 scorpions
  39 killer bees
  5 wights (D:11)
  A howler monkey (D:6)
  6 centaur zombies
  A bullfrog zombie (D:13)
  6 crimson imps
  A quasit (D:9)
  4 human zombies (Ossuary)
  2 jellies
  5 hounds
  25 orc priests
  2 bullfrog skeletons
  31 orc wizards
  Jessica (D:3)
  7 hell rats (Lair:5)
  5 iguanas
  6 worker ants
  2 hound skeletons
  3 mummies (Ossuary)
  8 gnolls
  7 adders
  A howler monkey skeleton (D:4)
  7 shadow imps
  An ooze (D:3)
  An adder zombie (D:6)
  3 adder skeletons
  A worm (D:5)
  2 dart slugs
  7 leopard geckos
  88 orcs
  2 bat zombies (D:2)
  2 giant cockroaches
  7 hobgoblins
  3 jackals (D:11)
  29 kobolds
  7 quokkas
  A ball python (D:4)
  8 bats
  4 frilled lizards
  6 goblins
  A leopard gecko zombie (D:7)
  8 rats
  A rat zombie (D:2)
  2 tentacles (Shoals:3)
720 creatures vanquished.

Vanquished Creatures (collateral kills)
  A kraken (Shoals:3)
  Gastronok (D:10)
  An orc warlord (Orc:2)
  An orc high priest (Orc:2)
  A rime drake (Lair:4)
  4 orc warriors (Orc:2)
  An ogre (D:10)
  A killer bee (Lair:4)
  An orc priest (Orc:2)
  An orc wizard (Orc:2)
  2 orcs (Orc:2)
  2 tentacles (Shoals:3)
17 creatures vanquished.

Vanquished Creatures (others)
  A water nymph (Shoals:4)
  3 humans (Lair:4)
  A bullfrog (Lair:4)
  An adder (D:10)
  An orc (Orc:2)
  A bush (Lair:5)
  4 fungi (Lair:4)
  17 plants
  7 tentacles (Shoals:3)
36 creatures vanquished.

Grand Total: 773 creatures vanquished

Notes
Turn   | Place    | Note
-------+----------+-------------------------------------------
     0 | D:1      | HarryHood the Gargoyle Berserker began the quest for the Orb.
     0 | D:1      | Reached XP level 1. HP: 14/14 MP: 1/1
   170 | D:1      | Reached XP level 2. HP: 19/19 MP: 2/2
   518 | D:2      | Reached ** piety under Trog
   560 | D:2      | Reached skill level 4 in Maces & Flails
   597 | D:2      | Reached XP level 3. HP: 23/23 MP: 3/3
   694 | D:2      | Found an iron altar of Okawaru.
  1001 | D:2      | Found an ancient bone altar of Kikubaaqudgha.
  1412 | D:3      | Noticed Jessica
  1416 | D:3      | Killed Jessica
  1416 | D:3      | Reached skill level 5 in Maces & Flails
  1416 | D:3      | Reached XP level 4. HP: 28/28 MP: 4/4
  1546 | D:3      | Found a faded altar of an unknown god.
  1874 | D:3      | Noticed Grinder
  1875 | D:3      | Found a shattered altar of Ashenzari.
  1875 | D:3      | Found a radiant altar of Vehumet.
  1875 | D:3      | Found a hazy altar of Hepliaklqana.
  1875 | D:3      | Found a glowing silver altar of Zin.
  1909 | D:3      | Killed Grinder
  1909 | D:3      | Reached skill level 7 in Maces & Flails
  1909 | D:3      | Reached XP level 5. HP: 32/32 MP: 5/5
  1909 | D:3      | Reached XP level 6. HP: 37/37 MP: 6/6
  1933 | D:3      | Found a stormy altar of Qazlal.
  1933 | D:3      | Found a sacrificial altar of Ru.
  2413 | D:4      | Noticed Purgy
  2419 | D:4      | Killed Purgy
  2419 | D:4      | Reached XP level 7. HP: 44/44 MP: 7/7
  2465 | D:4      | Found a sparkling altar of Nemelex Xobeh.
  2469 | D:4      | Reached skill level 5 in Fighting
  2928 | D:4      | Reached *** piety under Trog
  3013 | D:4      | Noticed Potronius's ghost (amateur DECj)
  3022 | D:4      | HP: 1/70 [Potronius's ghost/magic dart (11)]
  3024 | D:4      | Killed Potronius's ghost
  3137 | D:5      | Entered Level 5 of the Dungeon
  3197 | D:5      | Noticed a hand axe
  3197 | D:5      | Noticed a hand axe
  3201 | D:5      | Found a hide-covered altar of Uskayaw.
  3225 | D:5      | Reached XP level 8. HP: 24/52 MP: 8/8
  3355 | D:5      | Reached skill level 5 in Armour
  3456 | D:5      | Got a twitching silver amulet
  3457 | D:5      | Identified the amulet of Yfetan {Spirit +Blink rPois Str+4 Dex-3} (You found it on level 5 of the Dungeon)
  3969 | D:6      | Found a staircase to the Ecumenical Temple.
  3978 | Temple   | Entered the Ecumenical Temple
  4051 | D:6      | Reached skill level 8 in Maces & Flails
  4293 | D:6      | Reached XP level 9. HP: 27/56 MP: 3/9
  4295 | D:6      | Reached skill level 9 in Maces & Flails
  4837 | D:7      | Reached skill level 10 in Maces & Flails
  4891 | D:7      | Reached **** piety under Trog
  5193 | D:7      | Found a sand-covered staircase.
  5201 | Ossuary  | Entered an ossuary
  5337 | Ossuary  | Reached XP level 10. HP: 65/65 MP: 8/10
  5344 | Ossuary  | Received a gift from Trog
  5739 | D:8      | Found a shadowy altar of Dithmenos.
  5749 | D:8      | Noticed Joseph
  5770 | D:8      | Killed Joseph
  5867 | D:8      | Noticed Maurice
  5869 | D:8      | Paralysed by Maurice for 4 turns
  5888 | D:8      | Killed Maurice
  5888 | D:8      | Reached ***** piety under Trog
  6417 | D:9      | Reached skill level 5 in Dodging
  6640 | D:9      | Received a gift from Trog
  6937 | D:9      | Got a transparent chain mail
  7235 | D:9      | Identified the +5 chain mail "Jeotz" {-Cast MR+++ Int+4 Stlth+} (You found it on level 9 of the Dungeon)
  7282 | D:10     | Entered Level 10 of the Dungeon
  7282 | D:10     | Noticed Erolcha
  7309 | D:10     | Noticed Josephine
  7316 | D:10     | Killed Josephine
  7316 | D:10     | Reached skill level 11 in Maces & Flails
  7316 | D:10     | Reached XP level 11. HP: 60/71 MP: 8/11
  7318 | D:10     | Noticed Psyche
  7324 | D:10     | Killed Psyche
  7325 | D:10     | Noticed a hill giant
  7345 | D:10     | Noticed Gastronok
  7348 | D:10     | HP: 2/71 [something (7)]
  7358 | D:10     | Killed Erolcha
  7358 | D:10     | Reached skill level 12 in Maces & Flails
  7359 | D:10     | Killed Gastronok
  7537 | D:10     | Killed a hill giant
  7750 | D:10     | Killed an unseen horror
  7750 | D:10     | Reached skill level 10 in Fighting
  7765 | D:10     | Noticed a sea snake
  7945 | D:10     | Found a staircase to the Orcish Mines.
  7949 | D:10     | Noticed a sea snake
  8006 | D:10     | Noticed a sea snake
  8227 | D:11     | Noticed Grum
  8254 | D:11     | Killed Grum
  8361 | D:11     | Found a flagged portal.
  8369 | Bailey   | Entered a bailey
  8810 | D:11     | Reached XP level 12. HP: 56/80 MP: 9/12
  8886 | D:11     | Found a staircase to the Lair.
  9080 | D:11     | Noticed a stone giant
  9083 | D:11     | Noticed a fire giant
  9101 | D:11     | Killed a stone giant
  9201 | D:11     | Killed a fire giant
  9223 | D:11     | Reached skill level 10 in Armour
  9650 | D:11     | Noticed an ettin
  9675 | D:11     | Killed an ettin
  9897 | D:11     | Noticed a fire dragon
  9905 | D:11     | Killed a fire dragon
 10422 | Lair:1   | Entered Level 1 of the Lair of Beasts
 10424 | Lair:1   | Noticed an eight-headed hydra
 10429 | Lair:1   | Killed an eight-headed hydra
 10504 | Lair:1   | Noticed a four-headed hydra
 10510 | Lair:1   | Killed a four-headed hydra
 10510 | Lair:1   | Reached skill level 13 in Maces & Flails
 10820 | Lair:1   | Noticed a six-headed hydra
 10826 | Lair:1   | Killed a six-headed hydra
 10826 | Lair:1   | Reached XP level 13. HP: 80/86 MP: 13/13
 11199 | Lair:2   | Reached skill level 14 in Maces & Flails
 11273 | Lair:2   | Found a labyrinth entrance.
 11285 | Lair:2   | Found a hole to the Spider Nest.
 11604 | Lair:2   | Received a gift from Trog
 11838 | Lair:2   | Found a staircase to the Shoals.
 12270 | Lair:3   | Reached skill level 15 in Maces & Flails
 12854 | Lair:4   | Noticed Rupert
 12860 | Lair:4   | Killed Rupert
 13009 | Lair:4   | Reached skill level 16 in Maces & Flails
 13148 | Lair:4   | Gained mutation: Your large and strong wings let you fly indefinitely. [Gargoyle growth]
 13148 | Lair:4   | Reached XP level 14. HP: 51/92 MP: 11/14
 13537 | Lair:4   | Received a gift from Trog
 13538 | Lair:4   | Noticed Kirke
 13543 | Lair:4   | Killed Kirke
 13585 | Lair:4   | Noticed Harold
 13594 | Lair:4   | Killed Harold
 14463 | Lair:5   | Identified a scroll of acquirement
 14466 | Lair:5   | Got a sparkling tin ring
 14876 | Lair:5   | Reached skill level 1 in Shields
 14916 | Lair:5   | Found a runed door.
 15229 | Orc:1    | Entered Level 1 of the Orcish Mines
 15546 | Orc:2    | Entered Level 2 of the Orcish Mines
 15575 | Orc:2    | Received a gift from Trog
 15651 | Orc:2    | Found a staircase to the Elven Halls.
 15807 | Orc:2    | Found a roughly hewn altar of Beogh.
 15946 | Orc:2    | Noticed an orc warlord
 15956 | Orc:2    | Killed an orc warlord
 15961 | Orc:2    | Found Alaschufar's Antique Weapon Shop.
 15989 | Orc:2    | Found Puech's Antique Armour Boutique.
 15990 | Orc:2    | Found a roughly hewn altar of Beogh.
 16215 | Orc:2    | Found a roughly hewn altar of Beogh.
 16215 | Orc:2    | Found Doesk's Book Emporium.
 16277 | Orc:2    | Found a roughly hewn altar of Beogh.
 16280 | Orc:2    | Reached ****** piety under Trog
 16402 | Orc:2    | Found a roughly hewn altar of Beogh.
 16410 | Orc:2    | Found Onlifoyse's Weapon Shoppe.
 16414 | Orc:2    | Reached skill level 5 in Shields
 16543 | Orc:2    | Received a gift from Trog
 16594 | Orc:2    | Identified the ring of Fueczeh {rC- EV+1 Int+7 Dex+4} (You acquired it on level 5 of the Lair of Beasts)
 16892 | D:12     | Reached XP level 15. HP: 101/101 MP: 15/15
 17523 | D:13     | Received a gift from Trog
 18039 | Shoals:1 | Entered Level 1 of the Shoals
 19022 | Shoals:2 | Reached skill level 10 in Shields
 19764 | Shoals:3 | Found Gywimn's Armour Shop.
 19838 | Shoals:3 | Bought a +2 shield for 264 gold pieces
 19915 | Shoals:3 | Found Poelusiw's Antique Weapon Boutique.
 20098 | Shoals:3 | Reached XP level 16. HP: 98/107 MP: 16/16
 20108 | Shoals:3 | Found Oremped's Armour Emporium.
 20172 | Shoals:3 | Received a gift from Trog
 20184 | Shoals:3 | Noticed a kraken
 20213 | Shoals:3 | Killed a kraken
 20270 | Shoals:3 | Found Uhes's Antique Weapon Emporium.
 20298 | Shoals:4 | Entered Level 4 of the Shoals
 20401 | Shoals:4 | Got a smoking cloak
 20412 | Shoals:4 | Identified the -1 cloak of the Ecumenical Temple {rC+ Str+7 Slay+2} (You acquired it on level 4 of the Shoals)
 20472 | Shoals:4 | Noticed Louise
 20474 | Shoals:4 | Noticed Nikola
 20489 | Shoals:4 | Killed Louise
 20494 | Shoals:4 | Noticed Ilsuiw
 20506 | Shoals:4 | HP: 2/160 [merfolk aquamancer/shard of ice (33)]
 20508 | Shoals:4 | Hit by a javelin thrown by a merfolk javelineer

Vault maps used:
D:1:      ncdulo_wetmaze
D:2:      lemuel_zombie_altar_kikubaaqudgha, okawaru_metal_pillars_3,
          kennysheep_potato
D:3:      minmay_overflow_temple_hex, first_bread,
          chequers_ecumenical_altar_lobes, uniq_grinder, uniq_jessica
D:4:      nicolae_overflow_crystal_walls, uniq_purgy
D:5:      dancing_weapons_uskayaw
D:6:      minivault_25
D:7:      lightli_ossuary_entry_decrepit_ruins
D:8:      kennysheep_little_box, uniq_maurice, uniq_joseph
D:10:     orc_0_dummy, serial_aquarium, aquarium_bridge_straight,
          aquarium_bridge_island_small, aquarium_window_1, aquarium_window_fake,
          aquarium_window_3, aquarium_view_2c, uniq_gastronok, uniq_josephine,
          uniq_psyche, uniq_erolcha
D:11:     minmay_sliced_demisemicircle, erik_lair_dragon, enter_bailey_2,
          blue_anna_alchemist, uniq_grum
Temple:   eino_temple_lava
Lair:2:   minmay_shoals_entry_beasts, spider_nest_entry_funnel_web,
          lab_entry_generic, disabler_island
Lair:4:   regret_index_wax_grids, wad_woods_01, uniq_rupert, uniq_kirke,
          uniq_harold
Lair:5:   pf_torpor_hydra, lemuel_fruit_fields, minmay_lair_oklob_chamber
Shoals:1: ldierk_geyser
Shoals:2: nicolae_shoals_loop_pool
Shoals:3: serial_shops, shop, nicolae_shop_trees, nicolae_shop_statue_plus,
          nicolae_shop_behind_doors
Shoals:4: shoals_end_simple, shoals_ilsuiw_alternative, yaktaur_hedge,
          uniq_louise, uniq_polyphemus, uniq_nikola
Orc:2:    grunt_orc_community_town_hall, grunt_orc_community_big_house_1,
          grunt_orc_community_big_house_2, grunt_orc_community_house_1,
          grunt_orc_community_house_3, grunt_orc_community_house_1,
          grunt_orc_community_house_3, grunt_orc_community_house_2
Ossuary:  ossuary_minmay_four_chambers
Bailey:   bailey_polearm_2, bailey

Skill      XL: |  1  2  3  4  5  6  7  8  9 10 11 12 13 14 15 16 |
---------------+-------------------------------------------------+-----
Maces & Flails | 4 5 7 8 10 11 12 13 16 | 16.1
Fighting       | 4 6 8 9 11 12 14 | 14.9
Armour         | 4 6 9 12 | 12.7
Dodging        | 3 5 6 8 |  8.3
Shields        | 6 11 12 | 12.6

Action                   |  1- 3 |  4- 6 |  7- 9 | 10-12 | 13-15 | 16-18 || total
-------------------------+-------+-------+-------+-------+-------+-------++-------
Melee: Mace              |    75 |       |       |       |       |       ||    75
       Whip              |    43 |    63 |   287 |   520 |       |       ||   913
       Morningstar       |       |       |       |    77 |   911 |    68 ||  1056
Invok: Berserk           |       |       |     1 |     1 |     1 |     1 ||     4
       Burn Spellbooks   |       |       |       |     4 |     5 |       ||     9
       Brothers in Arms  |       |       |       |     1 |     2 |     2 ||     5
       Trog's Hand       |       |       |       |       |     1 |       ||     1
 Abil: Fly               |       |       |       |       |     1 |       ||     1
  Use: Scroll            |     7 |     5 |     6 |    13 |    11 |     2 ||    44
       Potion            |       |       |       |     4 |       |     1 ||     5
  Eat: Chunk             |     2 |     3 |     6 |    14 |    30 |     2 ||    57
       Bread ration      |       |       |     1 |       |       |       ||     1
       Fruit             |       |       |       |     5 |     3 |       ||     8
Armor: Leather armour    |    23 |       |       |       |       |       ||    23
       Animal skin       |     4 |       |       |       |       |       ||     4
       Ring mail         |    42 |    29 |       |       |       |       ||    71
       Troll leather arm |       |       |    78 |     7 |       |       ||    85
       Plate armour      |       |       |       |   102 |       |       ||   102
       Chain mail        |       |       |       |   167 |   560 |    44 ||   771
       Skin              |       |       |       |     4 |       |       ||     4
Dodge: Dodged            |    92 |    28 |   100 |   171 |   384 |    38 ||   813
Block: Buckler           |       |       |       |       |   118 |       ||   118
       Shield            |       |       |       |       |     5 |    59 ||    64
